 Dungeon Crawl Stone Soup version 0.27-a0-906-g0a00ce863d (webtiles) character file.

Game seed: 16903254437431254876

3142 robertstho the Covert (level 9, -3/64 HPs)
             Began as an Octopode Berserker on Apr 7, 2021.
             Was an Elder of Trog.
             Killed from afar by a steam dragon (18 damage)
             ... with a ball of steam
             ... on level 7 of the Dungeon.
             The game lasted 00:09:10 (7644 turns).

robertstho the Covert (Octopode Berserker)          Turns: 7644, Time: 00:09:10

Health: -3/64      AC:  2    Str: 20    XL:     9   Next: 93%
Magic:  18/18      EV: 15    Int:  9    God:    Trog [****..]
Gold:   318        SH:  0    Dex: 11    Spells: 8/8 levels left

rFire    . . .     SeeInvis .   l - +5 flail (protect)
rCold    + . .     Faith    .   (no shield)
rNeg     . . .     Spirit   .   m - +1 hat
rPois    .         Reflect  .   (no amulet)
rElec    .         Harm     .   h - ring of ice
rCorr    .         Rampage  .   g - ring of protection from fire
Will     .....                  k - ring of magical power
Stlth    +++++.....             (no ring)
HPRegen  0.20/turn              (no ring)
MPRegen  0.16/turn              (no ring)
                                (no ring)
                                (no ring)

@: on berserk cooldown, very slightly contaminated, slowed, studying Maces &
Flails, invisible, very slow
A: almost no armour, amphibious, 8 rings, camouflage 1, gelatinous body 1,
(nimble swimmer 1), tentacles
a: Renounce Religion, Berserk, Trog's Hand, Brothers in Arms


You were on level 7 of the Dungeon.
You worshipped Trog.
Trog was greatly pleased with you.
You visited 1 branch of the dungeon, and saw 7 of its levels.

You collected 318 gold pieces.

Inventory:

Hand Weapons
 b - a +0 rapier
 l - a +5 flail of protection (weapon)
Armour
 m - a +1 hat (worn)
Jewellery
 g - a ring of protection from fire (right tentacle)
 h - a ring of ice (left tentacle)
 k - a ring of magical power (on tentacle)
Wands
 o - a wand of iceblast (8)
 q - a wand of acid (6)
Scrolls
 d - 5 scrolls of enchant armour
 e - a scroll of fog
 i - 3 scrolls of teleportation
 n - a scroll of magic mapping {unknown}
 r - a scroll of summoning {unknown}
Potions
 a - 2 potions of cancellation
 f - a potion of attraction
 j - 2 potions of curing
 p - a potion of heal wounds {unknown}
 s - a potion of magic


   Skills:
 * Level 7.0 Fighting
 + Level 5.7 Short Blades
 + Level 6.9 Maces & Flails
 * Level 7.0 Dodging
 * Level 9.3 Stealth


You had 8 spell levels left.
You didn't know any spells.
Your spell library was empty.

Dungeon Overview and Level Annotations

Branches:
Dungeon (7/15)             Temple (0/1) D:6

Altars:
Kikubaaqudgha
Makhleb
Nemelex Xobeh
Qazlal
Uskayaw
Vehumet
The Shining One


Innate Abilities, Weirdness & Mutations

You cannot wear most types of armour.
You are amphibious.
You can wear up to eight rings at the same time.
Your skin changes colour to match your surroundings (Stealth+).
Your rubbery body absorbs attacks. (AC +1, EV +1)
((You are camouflaged near water. (Stealth+)))
You have tentacles for arms and can constrict up to eight enemies at once.


Message History

Trog accepts your kill.
You are engulfed in a cloud of scalding steam.
* * * LOW HITPOINT WARNING * * *
Your Fighting skill increases to level 7!
You feel a strong urge to attack something.
The kobold brigand misses you.
You thump the kobold brigand!
You kill the kobold brigand!
Trog accepts your kill.
Your Dodging skill increases to level 7!
The kobold hits you with a +0 short sword.
* * * LOW HITPOINT WARNING * * *
Things that are here:
a +0 dagger; 6 poisoned darts You thump the kobold!
You kill the kobold!
Trog accepts your kill.
You can now call in reinforcements.
You barely miss the kobold. You grab the kobold. You squeeze the kobold.
You kill the kobold!
Trog accepts your kill.
A steam dragon comes into view.
Items here: ( ))))))) [[.
You feel a strong urge to attack something.
You are no longer berserk.
You are exhausted.
You feel yourself slow down.
Okay, then.
You fade into invisibility!
You are very lightly contaminated with residual magic.
You feel better. The steam dragon breathes steam at you.
The ball of steam misses you.
You feel better.
* * * LOW HITPOINT WARNING * * *
The sentinel's mark upon you fades away.
The steam dragon barely misses you. The steam dragon claws you.
* * * LOW HITPOINT WARNING * * *
The steam dragon breathes steam at you. The ball of steam hits you!!
You die...

.######.#########...#.#.#.
................#...#.#.#.
.##...#.#...........#.#.#.
.......§............#.#.#.
.#...#§#.###.####.##.#...
......§.#)# #.#...........
.....§###§###.####.##.#.#.
....§§+§)§D.............#.
...(. ##.@###.####.#......
...## #).# #.# #.#....#.
... ....# #.# #.#...... ..
.....## #.# #.#..#.##
....... #.. #........
....... ### ##..##.##
....... . .......


You could see a steam dragon (catching breath).

Vanquished Creatures
  Pikel (D:6)
  Grinder (D:4)
  A wraith (D:6)
  Eustachio (D:4)
  A steam dragon (D:7)
  Menkaure (D:5)
  Edmund (D:4)
  2 water moccasins (D:6)
  A black bear (D:5)
  A necrophage (D:6)
  3 ogres
  A sky beast (D:6)
  3 phantoms
  A kobold brigand (D:7)
  A scorpion (D:6)
  A water moccasin skeleton (D:7)
  2 howler monkeys
  A centaur zombie (D:6)
  A bullfrog zombie (D:6)
  2 hounds
  2 orc priests
  Crazy Yiuf (D:3)
  A bullfrog skeleton (D:6)
  Terence (D:3)
  Ijyb (D:3)
  4 iguanas
  4 orc wizards
  A howler monkey zombie (D:7)
  Robin (D:3)
  A howler monkey skeleton (D:6)
  3 adders
  A shadow imp (D:7)
  3 white imps
  2 ufetubi
  2 adder skeletons
  A dart slug (D:2)
  13 orcs
  3 ball pythons
  2 bats
  7 endoplasms
  A giant cockroach (D:1)
  10 goblins
  7 hobgoblins
  7 jackals
  5 quokkas
  2 frilled lizards
  A goblin skeleton (D:3)
  2 hobgoblin zombies (D:3)
  7 kobolds
  A kobold zombie (D:3)
  An orc skeleton (D:3)
  3 rats (D:2)
128 creatures vanquished.

Vanquished Creatures (others)
  A jelly (D:7)
  2 kobolds (D:7)
  4 withered plants (D:3)
7 creatures vanquished.

Grand Total: 135 creatures vanquished

Notes
Turn   | Place    | Note
-------+----------+-------------------------------------------
     0 | D:1      | robertstho the Octopode Berserker began the quest for the
                  | Orb.
     0 | D:1      | Reached XP level 1. HP: 16/16 MP: 1/1
   277 | D:1      | Reached XP level 2. HP: 21/21 MP: 2/2
   371 | D:1      | Found a faded altar of an unknown god.
   831 | D:2      | Reached skill level 1 in Stealth
   854 | D:2      | HP: 1/21 [poisoned by an adder]
  1138 | D:2      | Reached XP level 3. HP: 26/26 MP: 3/3
  1463 | D:2      | Found a glowing golden altar of the Shining One.
  1632 | D:2      | Reached skill level 2 in Stealth
  1635 | D:2      | Reached ** piety under Trog
  2227 | D:3      | Found a radiant altar of Vehumet.
  2281 | D:3      | Noticed Ijyb
  2294 | D:3      | Killed Ijyb
  2295 | D:3      | Reached skill level 3 in Stealth
  2295 | D:3      | Reached XP level 4. HP: 29/32 MP: 4/4
  2420 | D:3      | Noticed Terence
  2430 | D:3      | Killed Terence
  2445 | D:3      | Found a glowing golden altar of the Shining One.
  2455 | D:3      | Reached XP level 5. HP: 15/37 MP: 5/5
  2683 | D:3      | Noticed Robin
  2984 | D:3      | Found an ancient bone altar of Kikubaaqudgha.
  2988 | D:3      | Killed Robin
  2989 | D:3      | Reached skill level 4 in Stealth
  3217 | D:3      | Found a runed translucent door.
  3218 | D:3      | Noticed Crazy Yiuf
  3290 | D:3      | Killed Crazy Yiuf
  3621 | D:4      | Reached XP level 6. HP: 28/43 MP: 6/6
  3729 | D:4      | Noticed Grinder
  3748 | D:4      | Killed Grinder
  3749 | D:4      | Reached skill level 5 in Stealth
  3749 | D:4      | Reached XP level 7. HP: 46/49 MP: 7/7
  3910 | D:4      | Noticed Edmund
  3925 | D:4      | Killed Edmund
  4192 | D:4      | Noticed Eustachio
  4202 | D:4      | Killed Eustachio
  4203 | D:4      | Reached skill level 5 in Fighting
  4203 | D:4      | Reached skill level 5 in Short Blades
  4505 | D:4      | Reached skill level 5 in Dodging
  4726 | D:3      | Found a burning altar of Makhleb.
  4804 | D:5      | Entered Level 5 of the Dungeon
  4811 | D:5      | Reached skill level 6 in Stealth
  4811 | D:5      | Reached XP level 8. HP: 55/55 MP: 8/8
  4830 | D:5      | Reached skill level 1 in Maces & Flails
  4884 | D:5      | Found a sparkling altar of Nemelex Xobeh.
  4886 | D:5      | Found a hide-covered altar of Uskayaw.
  4922 | D:5      | Reached *** piety under Trog
  5204 | D:5      | Noticed Menkaure
  5212 | D:5      | Killed Menkaure
  5213 | D:5      | Reached skill level 7 in Stealth
  6233 | D:6      | Reached XP level 9. HP: 43/62 MP: 9/9
  6839 | D:6      | Noticed Pikel
  6905 | D:6      | Reached skill level 8 in Stealth
  6986 | D:6      | Killed Pikel
  6987 | D:6      | Reached skill level 5 in Maces & Flails
  7101 | D:6      | Found a staircase to the Ecumenical Temple.
  7139 | D:6      | Reached skill level 9 in Stealth
  7480 | D:7      | Found a stormy altar of Qazlal.
  7637 | D:7      | Reached **** piety under Trog
  7644 | D:7      | Killed from afar by a steam dragon

Illustrated notes

Levels and vault maps discovered:
D:1:      shiori_arrival_elements, layout_basic,
          chequers_ecumenical_altar_grove, hangedman_decor_lopped
D:2:      layout_loops_ring, basic_altar, bh_walls_and_bars
D:3:      layout_rooms, nicolae_vehumet_radiance,
          nicolae_overflow_hidden_temple, kiku_gazebo_garden_becter,
          nicolae_tso_besieged_by_evil, uniq_robin, uniq_terence,
          uniq_crazy_yiuf_cottage, uniq_ijyb
D:4:      layout_cave_pools, uniq_eustachio, uniq_edmund, uniq_grinder
D:5:      layout_loops_ring, jmf_multi_god_temple, uniq_menkaure
D:6:      layout_basic, minmay_temple_entry_statues, grunt_ministairs_8,
          minmay_manual_macuahuitl, uniq_pikel
D:7:      layout_basic, nicolae_qazlal_general_emergency,
          chequers_serial_rivers_micro_a

Skill      XL: |  1  2  3  4  5  6  7  8  9 |
---------------+----------------------------+-----
Stealth        | 1 3 4 5 6 7 9 |  9.3
Fighting       | 4 5 6 7 |  7.0
Dodging        | 4 5 7 |  7.0
Short Blades   | 4 5 |  5.7
Maces & Flails | 3 6 |  6.9

Action                   |  1- 3 |  4- 6 |  7- 9 || total
-------------------------+-------+-------+-------++-------
Melee: Short sword       |    72 |    31 |       ||   103
       Constrict         |    15 |    19 |    29 ||    63
       Tentacles         |    10 |    13 |    36 ||    59
       Rapier            |       |    45 |    10 ||    55
       Flail             |       |       |   149 ||   149
Invok: Berserk           |     2 |     3 |    10 ||    15
       Trog's Hand       |       |     1 |       ||     1
  Use: Scroll            |     4 |     2 |     4 ||    10
       Potion            |     1 |       |     3 ||     4
 Stab: Sleeping          |     8 |     3 |    15 ||    26
       Distracted        |     2 |       |       ||     2
Armor: Skin              |     5 |     5 |    26 ||    36
Dodge: Dodged            |    33 |    41 |   101 ||   175

Table legend: (Time is in decaauts)
 A = Elapsed time spent in this place.
 B = Non-inter-level travel time spent in this place.
 C = Inter-level travel time spent in this place.
 D = Time resting spent in this place.
 E = Time spent auto-exploring this place.
 F = Levels seen in this place.
 G = Mean time per level.
                   A        B        C        D        E       F      G
               +--------+--------+--------+--------+--------+-----+--------+
         Total |   7798 |   7591 |    207 |   1367 |   5257 |   7 | 1114.0 |
       Dungeon |   7798 |   7591 |    207 |   1367 |   5257 |   7 | 1114.0 |
               +--------+--------+--------+--------+--------+-----+--------+

Top non-repeatable levels by time:
     D:5: 1705 daAuts
     D:2: 1561 daAuts
     D:3: 1292 daAuts
     D:4: 1171 daAuts
     D:6: 962 daAuts
     D:1: 838 daAuts
     D:7: 266 daAuts
